[Event "Titled Tuesday Blitz August 08 Late 2023"]
[White "Iturrizaga Bonelli, Eduardo"]
[Black "Firouzja, Alireza"]
[WhiteFideId "3901211"]
[BlackFideId "12573981"]
[WhiteElo "2980"]
[BlackElo "3094"]
[Result "1-0"]
[Round "8"]
[TimeControl "180+1"]
[Date "2023.08.08"]
[WhiteClock "0:01:03"]
[BlackClock "0:00:00"]
[Board "1"]

1. c4 g6 2. g3 Bg7 3. Bg2 Nf6 4. Nc3 O-O 5. d4 d6 6. Nf3 Nbd7 7. O-O e5 8. Qc2 Re8 9. Rd1 c6 10. e4 Qe7 11. d5 cxd5 12. cxd5 a6 13. a4 Qf8 14. a5 Bh6 15. Ng5 Qe7 16. h4 Nf8 17. Na4 Bg4 18. f3 Bd7 19. Nb6 Rad8 20. Qc7 Nh5 21. Kh2 f6 22. Ne6 Bxe6 23. Qxe7 Rxe7 24. Bxh6 Bf7 25. Rac1 Be8 26. Bh3 Bb5 27. Rc3 Ng7 28. Rdc1 Rf7 29. Rc8 Re8 30. R8c7 Ree7 31. Rxe7 Rxe7 32. Nc8 1-0


[Site "https://www.chess.com"]

[Event "Titled Tuesday Blitz August 08 Late 2023"]
[White "Naroditsky, Daniel"]
[Black "Paravyan, David"]
[WhiteFideId "2026961"]
[BlackFideId "4194985"]
[WhiteElo "3198"]
[BlackElo "3047"]
[Result "1-0"]
[Round "8"]
[TimeControl "180+1"]
[Date "2023.08.08"]
[WhiteClock "0:01:15"]
[BlackClock "0:00:48"]
[Board "2"]

1. e4 e5 2. Nf3 Nf6 3. Nc3 Nc6 4. g3 Bc5 5. Bg2 d6 6. d3 a5 7. O-O O-O 8. h3 a4 9. a3 h6 10. Kh2 Be6 11. Nd2 Nd4 12. f4 b5 13. Nf3 Nxf3+ 14. Qxf3 b4 15. axb4 Bxb4 16. Rxa4 Rxa4 17. Nxa4 exf4 18. Bxf4 Nd7 19. d4 Bc4 20. Ra1 Qf6 21. c3 Ba5 22. b4 Bb6 23. Nxb6 Nxb6 24. e5 Qe6 25. exd6 cxd6 26. Qc6 Nd5 27. Qxc4 Nxf4 28. d5 Qe3 29. Qxf4 Qxc3 30. Rf1 1-0


[Site "https://www.chess.com"]

[Event "Titled Tuesday Blitz August 08 Late 2023"]
[White "Xiong, Jeffery"]
[Black "Fedoseev, Vladimir"]
[WhiteFideId "2047640"]
[BlackFideId "24130737"]
[WhiteElo "2978"]
[BlackElo "3099"]
[Result "1-0"]
[Round "8"]
[TimeControl "180+1"]
[Date "2023.08.08"]
[WhiteClock "0:00:53"]
[BlackClock "0:00:00"]
[Board "3"]

1. e4 d6 2. d4 Nf6 3. Nc3 g6 4. Nf3 Bg7 5. Be3 Nc6 6. Qd2 Ng4 7. Bg5 h6 8. Bh4 Nf6 9. O-O-O g5 10. Bg3 Nh5 11. Bb5 a6 12. Bxc6+ bxc6 13. e5 Bf5 14. Rde1 e6 15. Ne4 d5 16. Nc5 a5 17. Qc3 Qb8 18. a3 Qb5 19. h4 g4 20. Nd2 Bf8 21. a4 Qb6 22. Ndb3 Be7 23. Kb1 Qb4 24. Qxb4 axb4 25. Kc1 O-O 26. Kd2 Ra7 27. Ra1 Rfa8 28. Ra2 Bg6 29. Rha1 Ng7 30. Nd3 Nf5 31. a5 Bxh4 32. Bxh4 Nxh4 33. Nxb4 Nxg2 34. Nc5 Rc8 35. Nxc6 Raa8 36. Ne7+ Kg7 37. Nxc8 Rxc8 38. a6 Nh4 39. a7 Ra8 40. Ra4 Nf3+ 41. Kc3 h5 42. Rb4 h4 43. Rb8 Rxa7 44. Rxa7 h3 45. Ra1 h2 46. Rh1 1-0


[Site "https://www.chess.com"]

[Event "Titled Tuesday Blitz August 08 Late 2023"]
[White "Aronian, Levon"]
[Black "Nguyen, Ngoc Truong Son"]
[WhiteFideId "13300474"]
[BlackFideId "12401110"]
[WhiteElo "3048"]
[BlackElo "2953"]
[Result "0-1"]
[Round "8"]
[TimeControl "180+1"]
[Date "2023.08.08"]
[WhiteClock "0:00:00"]
[BlackClock "0:00:06"]
[Board "4"]

1. e4 e5 2. Nf3 Nf6 3. Nxe5 d6 4. Nf3 Nxe4 5. Bd3 Nf6 6. O-O Be7 7. Re1 O-O 8. h3 Nc6 9. Bf1 Bf5 10. d4 Re8 11. c3 h6 12. d5 Nb8 13. c4 Nbd7 14. Nc3 Nc5 15. Be3 Bf8 16. Rc1 a6 17. b4 Nce4 18. Ne2 g5 19. Ned4 Bg6 20. Nb3 g4 21. hxg4 Nxg4 22. Bd4 h5 23. Bd3 Bh6 24. Rc2 f5 25. Bb2 Qd7 26. Ree2 Re7 27. Nbd4 Rae8 28. Ne6 c5 29. bxc5 dxc5 30. Nh4 Rxe6 31. dxe6 Rxe6 32. Rc3 Nxc3 33. Bxc3 Rd6 34. Nxg6 Rxd3 35. Qc2 Qd6 36. g3 Rd1+ 37. Kg2 Rd3 38. Ne5 Nxe5 39. Bxe5 Qc6+ 40. Kg1 Qf3 41. Bb2 h4 0-1


[Site "https://www.chess.com"]

[Event "Titled Tuesday Blitz August 08 Late 2023"]
[White "Mamedov, Rauf"]
[Black "Terry, Renato"]
[WhiteFideId "13401653"]
[BlackFideId "3803457"]
[WhiteElo "3014"]
[BlackElo "2922"]
[Result "1-0"]
[Round "8"]
[TimeControl "180+1"]
[Date "2023.08.08"]
[WhiteClock "0:00:11"]
[BlackClock "0:00:00"]
[Board "6"]

1. e4 e6 2. d4 d5 3. Nd2 Be7 4. e5 c5 5. c3 Nc6 6. Bd3 cxd4 7. cxd4 Qb6 8. Ndf3 Bd7 9. Ne2 Nb4 10. Bb1 Rc8 11. Nc3 Nc6 12. O-O Na5 13. Bd3 a6 14. Rb1 Nc6 15. Be3 Nb4 16. Be2 h5 17. Qb3 Bd8 18. Na4 Bxa4 19. Qxa4+ Nc6 20. b4 Ne7 21. b5 axb5 22. Rxb5 Qc7 23. Rfb1 Rb8 24. Bd3 O-O 25. h3 f6 26. exf6 gxf6 27. Qd1 Kg7 28. Nh4 Rh8 29. Qf3 Kf7 30. Bf4 Nxd4 31. Qe3 e5 32. Qxd4 exd4 33. Bxc7 Bxc7 34. Rxb7 Rxb7 35. Rxb7 Bd6 36. Nf5 Bc5 37. Rc7 Ba3 38. Nxd4 Rb8 39. Nb5 Bb2 40. a4 Be5 41. Ra7 Rc8 42. g3 Rc1+ 43. Kg2 h4 44. gxh4 Rd1 45. Be2 Rd2 46. Bg4 Kf8 47. h5 f5 48. Bf3 Bf4 49. Ra8+ Kf7 50. Kf1 Kf6 51. a5 Ra2 52. a6 Ra1+ 53. Kg2 Ra2 54. a7 Be3 55. Rf8+ Kg5 56. a8=Q Rxf2+ 57. Kg3 f4+ 58. Rxf4 1-0


[Site "https://www.chess.com"]

[Event "Titled Tuesday Blitz August 08 Late 2023"]
[White "Kramnik, Vladimir"]
[Black "Begmuratov, Alisher"]
[WhiteFideId "4101588"]
[BlackFideId "14203367"]
[WhiteElo "2984"]
[BlackElo "2699"]
[Result "0-1"]
[Round "8"]
[TimeControl "180+1"]
[Date "2023.08.08"]
[WhiteClock "0:00:00"]
[BlackClock "0:00:34"]
[Board "7"]

1. e4 c5 2. Nf3 d6 3. d4 cxd4 4. Nxd4 Nf6 5. Nc3 a6 6. Bc4 e6 7. Be3 b5 8. Bb3 Bb7 9. f3 Qc7 10. Qd2 Nbd7 11. O-O-O Nc5 12. Kb1 Be7 13. Ndxb5 axb5 14. Nxb5 Qd7 15. Nxd6+ Bxd6 16. Qxd6 Qxd6 17. Rxd6 Nxb3 18. axb3 e5 19. Rhd1 O-O 20. Rb6 Bc8 21. c4 Ra6 22. Rxa6 Bxa6 23. Rd6 Bb7 24. b4 Rc8 25. b3 Kf8 26. b5 Ke7 27. Rd2 Nd7 28. Kb2 g6 29. Kc3 f5 30. exf5 gxf5 31. Kb4 f4 32. Bf2 Ke6 33. c5 Bd5 34. c6 Bxc6 35. bxc6 Rxc6 36. Kb5 Rc1 37. b4 Nf6 38. Bc5 Nd5 39. Rb2 Nc3+ 40. Kc6 e4 41. fxe4 Nxe4 42. Ra2 Ke5 43. Ra5 Rc2 44. Kd7 Nf6+ 45. Kc6 Ne4 46. h4 Kf5 47. Kd5 Nf6+ 48. Kd4 Rd2+ 49. Kc4 Ke4 50. Ra6 Nd7 51. Re6+ Ne5+ 52. Kb5 Kf5 53. Rh6 Rxg2 54. Rxh7 f3 55. Rh8 Ke4 56. h5 f2 57. Rf8 Nf3 58. Bxf2 Rxf2 59. h6 Nd4+ 0-1


[Site "https://www.chess.com"]

[Event "Titled Tuesday Blitz August 08 Late 2023"]
[White "Sjugirov, Sanan"]
[Black "Perez Ponsa, Federico"]
[WhiteFideId "4189302"]
[BlackFideId "117927"]
[WhiteElo "2956"]
[BlackElo "2890"]
[Result "0-1"]
[Round "8"]
[TimeControl "180+1"]
[Date "2023.08.08"]
[WhiteClock "0:00:00"]
[BlackClock "0:00:01"]
[Board "8"]

1. e4 c5 2. Nf3 d6 3. d4 cxd4 4. Nxd4 Nf6 5. Nc3 a6 6. a4 g6 7. Be2 Bg7 8. O-O O-O 9. Be3 Bd7 10. a5 Nc6 11. Nxc6 Bxc6 12. f3 e5 13. Nd5 Bxd5 14. exd5 e4 15. f4 Nd7 16. Ra2 f5 17. c4 Rc8 18. b4 Qe7 19. Rc2 Kh8 20. c5 Rfd8 21. c6 Nf6 22. Bb6 Re8 23. b5 axb5 24. Bxb5 bxc6 25. Bxc6 Nd7 26. Be3 Rg8 27. a6 Nc5 28. Qe2 Bf6 29. h3 g5 30. fxg5 Bxg5 31. Bxc5 dxc5 32. Rxf5 Bf6 33. Rxf6 Qxf6 34. Qxe4 Rg7 35. Ra2 Rcg8 36. a7 Re7 37. Qb1 Qd4+ 38. Kh1 Qc3 39. Ra1 Qg7 40. Ra2 Qc3 41. Ra1 Qg7 42. Qf1 Rxa7 43. Rxa7 Qxa7 44. d6 Qg7 45. d7 Qd4 46. Qe1 c4 47. Qe8 c3 48. Ba4 Qg7 0-1


[Site "https://www.chess.com"]

[Event "Titled Tuesday Blitz August 08 Late 2023"]
[White "Shimanov, Aleksandr"]
[Black "Henriquez Villagra, Cristobal"]
[WhiteFideId "4198603"]
[BlackFideId "3409350"]
[WhiteElo "2936"]
[BlackElo "2857"]
[Result "0-1"]
[Round "8"]
[TimeControl "180+1"]
[Date "2023.08.08"]
[WhiteClock "0:00:23"]
[BlackClock "0:00:09"]
[Board "9"]

1. d4 d6 2. e4 Nf6 3. f3 Nbd7 4. c4 e5 5. Ne2 Be7 6. Nbc3 c6 7. Be3 a6 8. d5 h5 9. Qd2 h4 10. Nc1 Nf8 11. Be2 Ng6 12. Nd3 c5 13. b4 b6 14. a4 a5 15. bxc5 bxc5 16. Rb1 Nh5 17. O-O O-O 18. Rb2 f5 19. exf5 Bxf5 20. Nf2 Ngf4 21. Nce4 Qe8 22. Re1 Qg6 23. Bf1 Rf7 24. Rb6 Raf8 25. Bxf4 Nxf4 26. Kh1 Nh5 27. Kg1 h3 28. g3 Bxe4 29. Nxe4 Rxf3 30. Bxh3 Nf4 31. Bf1 Bg5 32. Qd1 Rxf1+ 33. Rxf1 Qxe4 34. gxf4 Bxf4 35. h3 Be3+ 36. Kh2 Bf4+ 37. Kg1 Rf6 38. Rf3 Be3+ 39. Kg2 Rg6+ 40. Kh2 Bf4+ 41. Kh1 Rg3 42. Rb8+ Kf7 43. Rb3 Rxh3+ 44. Kg1 Qg6+ 45. Kf2 Rh2+ 46. Ke1 Qe4+ 47. Rbe3 Rh1+ 48. Ke2 Qxe3+ 49. Rxe3 Rxd1 0-1


[Site "https://www.chess.com"]

[Event "Titled Tuesday Blitz August 08 Late 2023"]
[White "Ozen, Deniz"]
[Black "Fressinet, Laurent"]
[WhiteFideId "6349196"]
[BlackFideId "608742"]
[WhiteElo "2849"]
[BlackElo "2918"]
[Result "1/2-1/2"]
[Round "8"]
[TimeControl "180+1"]
[Date "2023.08.08"]
[WhiteClock "0:00:13"]
[BlackClock "0:00:07"]
[Board "10"]

1. d4 Nf6 2. Bf4 c5 3. e3 g6 4. Nf3 Bg7 5. Nbd2 b6 6. c3 O-O 7. h3 d6 8. e4 Bb7 9. Bd3 Nbd7 10. O-O cxd4 11. cxd4 e5 12. Bh2 Nh5 13. Nc4 Qe7 14. Re1 Rac8 15. a4 Rfd8 16. Qe2 Nf4 17. Bxf4 exf4 18. Rad1 d5 19. Nce5 Nxe5 20. dxe5 d4 21. Ba6 Bxa6 22. Qxa6 Bxe5 23. Nxd4 Qc5 24. Nf3 Bxb2 25. Qxa7 Bf6 26. e5 Be7 27. e6 fxe6 28. Rxd8+ Rxd8 29. Qa6 Bf6 30. Qe2 Re8 31. Qa2 Kf7 32. Qb3 g5 33. Rb1 h5 34. Qd3 Kg7 35. Qe4 Qd5 36. Qc2 g4 37. hxg4 hxg4 38. Nh2 g3 39. Nf3 Bd4 40. Nxd4 Qxd4 41. Qb2 Qxb2 42. Rxb2 gxf2+ 43. Kxf2 Rb8 44. a5 b5 45. a6 Kf6 46. Kf3 e5 47. g3 fxg3 48. Kxg3 Ke6 49. a7 Ra8 50. Rxb5 Rxa7 51. Kf2 Kf5 52. Rb4 Ra3 53. Ke2 e4 54. Rb8 Ra2+ 55. Ke3 Ra3+ 56. Ke2 Kf4 57. Rf8+ Ke5 58. Re8+ Kd4 59. Rd8+ Ke5 60. Re8+ Kf4 61. Rf8+ Ke5 62. Re8+ 1/2-1/2


[Site "https://www.chess.com"]

[Event "Titled Tuesday Blitz August 08 Late 2023"]
[White "Elsa167"]
[Black "Gadimbayli, Abdulla"]
[BlackFideId "13404938"]
[WhiteElo "2904"]
[BlackElo "2841"]
[Result "0-1"]
[Round "8"]
[TimeControl "180+1"]
[Date "2023.08.08"]
[WhiteClock "0:00:00"]
[BlackClock "0:00:12"]
[Board "11"]

1. d4 d5 2. c4 e5 3. dxe5 d4 4. Nf3 Nc6 5. a3 Nge7 6. b4 Ng6 7. Bb2 a5 8. b5 Ncxe5 9. Nbd2 c5 10. bxc6 Nxc6 11. Nb3 Qb6 12. Bxd4 Nxd4 13. Nbxd4 Bd7 14. Qc1 Bc5 15. e3 O-O 16. Be2 Nf4 17. exf4 Bxd4 18. Nxd4 Qxd4 19. O-O Bc6 20. Qe3 Qf6 21. Qe5 Qg6 22. Qg5 Qe4 23. Bf3 Qxc4 24. Rfc1 Qd4 25. Bxc6 bxc6 26. g3 Rfd8 27. Ra2 Rd5 28. Qg4 c5 29. Rac2 Rad8 30. Rc4 Qb2 31. a4 Qa3 32. Kg2 g6 33. R1c3 Qa2 34. Rc2 Qa1 35. Rc1 Qb2 36. R1c2 Qb3 37. R2c3 Qb6 38. Qf3 h5 39. h4 Rd4 40. f5 Rxc4 41. Rxc4 Rd4 42. fxg6 fxg6 43. Rc3 Kg7 44. Re3 Qd6 45. Qa8 Qd5+ 46. Qxd5 Rxd5 47. Re7+ Kf6 48. Rc7 Ke5 49. Rc6 Kd4 50. Kf3 Kd3 51. Rxg6 c4 52. Rc6 c3 53. g4 hxg4+ 54. Kxg4 c2 55. f4 Rd4 56. Rxc2 Kxc2 57. h5 Rxa4 58. h6 Ra1 59. f5 Rh1 60. Kg5 a4 61. f6 Rg1+ 62. Kh5 Rg8 63. f7 Ra8 64. Kg6 a3 65. Kg7 a2 66. f8=Q Rxf8 67. Kxf8 a1=Q 68. Kg8 Qa8+ 69. Kg7 Qb7+ 70. Kg8 Qc8+ 71. Kg7 Qd7+ 72. Kg8 Qe8+ 73. Kg7 Qe7+ 74. Kg8 Qg5+ 75. Kh7 Kd3 0-1


[Site "https://www.chess.com"]

[Event "Titled Tuesday Blitz August 08 Late 2023"]
[White "Morefield, Jason"]
[Black "Martinez Alcantara, Jose Eduardo"]
[WhiteFideId "30920825"]
[BlackFideId "3805662"]
[WhiteElo "2731"]
[BlackElo "3031"]
[Result "0-1"]
[Round "8"]
[TimeControl "180+1"]
[Date "2023.08.08"]
[WhiteClock "0:00:00"]
[BlackClock "0:02:19"]
[Board "12"]

1. e4 c5 2. Nf3 d6 3. d4 cxd4 4. Nxd4 a6 5. c4 e6 6. Nc3 b6 7. Be2 Bb7 8. O-O Nf6 9. f3 Nbd7 10. Be3 Be7 11. Rc1 O-O 12. Kh1 Qb8 13. b4 Bd8 14. Nb3 Bc7 15. Bg1 Rd8 16. Qc2 h5 17. a4 h4 18. a5 bxa5 19. Nxa5 h3 20. g4 Bxa5 21. bxa5 Qc7 22. g5 Nh5 23. f4 g6 24. Bxh5 gxh5 25. Qe2 Rac8 26. Nd5 exd5 27. cxd5 Qxc1 28. Rxc1 Rxc1 29. Qxh5 Nf8 30. f5 Re8 31. Qh6 Bxd5 32. exd5 Ree1 0-1


[Site "https://www.chess.com"]

[Event "Titled Tuesday Blitz August 08 Late 2023"]
[White "Nazari, Arad"]
[Black "He, Anthony"]
[WhiteFideId "12577324"]
[BlackFideId "2088215"]
[WhiteElo "2764"]
[BlackElo "2949"]
[Result "0-1"]
[Round "8"]
[TimeControl "180+1"]
[Date "2023.08.08"]
[WhiteClock "0:00:00"]
[BlackClock "0:01:21"]
[Board "13"]

1. e4 c6 2. d4 d5 3. e5 Bf5 4. Nf3 e6 5. Nbd2 c5 6. c3 Nc6 7. dxc5 Bxc5 8. Nb3 Bb6 9. Nbd4 Bg4 10. Be2 Nge7 11. h3 Bh5 12. Bg5 Qb8 13. Nxc6 Nxc6 14. Bf4 O-O 15. g4 Bg6 16. O-O f6 17. Bg3 fxe5 18. c4 Qd6 19. cxd5 exd5 20. Bb5 Rae8 21. Nh4 Be4 22. Kh2 Qb4 23. Qb3 Qxb3 24. axb3 Re6 25. Rac1 Nd4 26. Bd7 Re7 27. Ba4 g5 28. Ng2 Nf3+ 29. Kh1 h5 30. gxh5 Rh7 31. b4 Rxh5 32. Bd7 Rf5 33. Be6+ Kg7 34. Bxf5 Bxf5 35. h4 gxh4 36. Bh2 Bd3 37. Ne1 Be4 0-1


[Site "https://www.chess.com"]

[Event "Titled Tuesday Blitz August 08 Late 2023"]
[White "Hambleton, Aman"]
[Black "Tari, Aryan"]
[WhiteFideId "2606577"]
[BlackFideId "1510045"]
[WhiteElo "2764"]
[BlackElo "2902"]
[Result "1-0"]
[Round "8"]
[TimeControl "180+1"]
[Date "2023.08.08"]
[WhiteClock "0:00:03"]
[BlackClock "0:00:00"]
[Board "14"]

1. d4 d5 2. Bf4 c5 3. e3 cxd4 4. exd4 Nc6 5. c3 f6 6. Nf3 g5 7. Bg3 Bf5 8. Bd3 e6 9. O-O Nh6 10. Re1 Bxd3 11. Qxd3 Kf7 12. c4 dxc4 13. Qxc4 Qd5 14. Qa4 b5 15. Qc2 b4 16. Nbd2 Nf5 17. Rad1 h5 18. Ne4 Be7 19. h3 Rag8 20. Nexg5+ Rxg5 21. Nxg5+ fxg5 22. Bh2 Bf6 23. Qe2 Ncxd4 24. Qa6 Rd8 25. Kh1 Rd7 26. f3 h4 27. b3 Qb7 28. Qc4 Qd5 29. Qa6 Ng3+ 30. Bxg3 hxg3 31. Re4 Qc5 32. Rde1 Qc2 33. Rxe6 Qf5 34. R6e4 Nc2 35. Rf1 Kg7 36. Qc4 Nd4 37. Rfe1 Nxf3 38. Rf1 Nd2 39. Rxf5 Nxc4 40. Rf1 Nd2 41. Rd1 Rc7 42. Rg4 Rc2 43. Rxg3 Rxa2 44. h4 Bc3 45. Rxg5+ Kf6 46. g4 Nf3 47. Rf5+ Kg6 48. Rxf3 a5 49. g5 Kh5 50. Rg1 Bd4 51. Rg2 Ra1+ 52. Kh2 Be5+ 53. Rfg3 Kxh4 54. g6 Bxg3+ 55. Rxg3 Ra2+ 56. Rg2 1-0


[Site "https://www.chess.com"]

[Event "Titled Tuesday Blitz August 08 Late 2023"]
[White "Mekhitarian, Krikor Sevag"]
[Black "Grigoriants, Sergey"]
[WhiteFideId "2107660"]
[BlackFideId "4130804"]
[WhiteElo "2756"]
[BlackElo "2900"]
[Result "0-1"]
[Round "8"]
[TimeControl "180+1"]
[Date "2023.08.08"]
[WhiteClock "0:00:00"]
[BlackClock "0:00:08"]
[Board "15"]

1. Nf3 d5 2. c4 d4 3. b4 c5 4. Bb2 Nf6 5. g3 Qc7 6. Bg2 e5 7. O-O Nc6 8. b5 Ne7 9. e3 Ng6 10. exd4 exd4 11. Re1+ Be7 12. d3 O-O 13. Bc1 h6 14. Nfd2 Bf5 15. Ne4 Nxe4 16. Bxe4 Bxe4 17. Rxe4 f5 18. Re6 Rf6 19. Rxf6 Bxf6 20. Nd2 Re8 21. Nf3 f4 22. Bd2 Qd7 23. Qf1 Qg4 24. Re1 Rxe1 25. Nxe1 fxg3 26. fxg3 Bg5 27. Bxg5 Qxg5 28. Nf3 Qe3+ 29. Kg2 Kh7 30. Qd1 Ne7 31. Qd2 Qe6 32. Qf2 Nf5 33. Nd2 Ne3+ 34. Kg1 Qg6 35. Qe2 b6 36. Ne4 Qf5 37. a4 Kg6 38. Nf2 h5 39. Ne4 Kh6 40. Qf2 Qg4 41. Qf4+ Qxf4 42. gxf4 Nd1 43. Nd6 Nb2 44. Nc8 Nxd3 45. Nxa7 Nb2 46. a5 d3 47. axb6 d2 48. b7 d1=Q+ 0-1


[Site "https://www.chess.com"]

[Event "Titled Tuesday Blitz August 08 Late 2023"]
[White "Urazayev, Arystanbek"]
[Black "Zemlyanskii, Ivan"]
[WhiteFideId "13709810"]
[BlackFideId "24249971"]
[WhiteElo "2753"]
[BlackElo "2886"]
[Result "1/2-1/2"]
[Round "8"]
[TimeControl "180+1"]
[Date "2023.08.08"]
[WhiteClock "0:00:09"]
[BlackClock "0:00:03"]
[Board "16"]

1. d4 d5 2. c4 e6 3. Nf3 Nf6 4. Nc3 c6 5. e3 Nbd7 6. Qc2 Bd6 7. b3 O-O 8. Be2 b6 9. Bb2 Bb7 10. O-O Qe7 11. Rfe1 Rfd8 12. e4 dxe4 13. Nxe4 Nxe4 14. Qxe4 Nf6 15. Qh4 Ba3 16. Bxa3 Qxa3 17. Bd3 c5 18. d5 exd5 19. Re7 dxc4 20. Bxc4 Bd5 21. Rae1 Qxa2 22. Ng5 Re8 23. h3 Rxe7 24. Rxe7 Qb1+ 25. Kh2 Qf5 26. Nxf7 Qg6 27. Bxd5 Nxd5 28. Qc4 Qf5 29. Ne5 Qf4+ 30. Qxf4 Nxf4 31. Nc6 a5 32. Rb7 Nd5 33. Ne5 h6 34. Nc4 Ra6 35. Kg3 a4 36. bxa4 Rxa4 37. Nxb6 Rb4 38. Rb8+ Kh7 39. Nd7 c4 40. Rxb4 Nxb4 41. Kf3 c3 42. Ke3 Nd5+ 43. Kd3 Nf4+ 44. Kxc3 Nxg2 45. Kd4 Nf4 46. h4 Ng2 47. Nf8+ Kg8 48. Ng6 Kf7 49. h5 Kf6 50. Ke4 Kg5 51. f4+ Kxh5 52. f5 Nh4 53. Ne7 Kg5 54. Ke5 Nf3+ 55. Ke4 Nd2+ 56. Kd3 Nf1 57. Ke4 Ng3+ 58. Ke5 h5 59. Nd5 h4 60. Nf4 Nxf5 61. Nh3+ Kg4 62. Nf2+ Kf3 63. Ne4 h3 64. Ng5+ Kg4 65. Nxh3 Nh4 66. Nf2+ Kg3 67. Ne4+ Kf3 68. Ng5+ Ke3 69. Ne6 g6 70. Kf6 Kf3 71. Nf8 Kg4 72. Nxg6 1/2-1/2


[Site "https://www.chess.com"]

[Event "Titled Tuesday Blitz August 08 Late 2023"]
[White "Akobian, Varuzhan"]
[Black "Zhigalko, Sergei"]
[WhiteFideId "13300580"]
[BlackFideId "13502956"]
[WhiteElo "2740"]
[BlackElo "2884"]
[Result "0-1"]
[Round "8"]
[TimeControl "180+1"]
[Date "2023.08.08"]
[WhiteClock "0:00:00"]
[BlackClock "0:00:03"]
[Board "17"]

1. d4 Nf6 2. c4 e6 3. Nf3 b6 4. a3 Ba6 5. Qa4 Bb7 6. Nc3 c5 7. dxc5 bxc5 8. Bg5 Be7 9. e3 O-O 10. Be2 Qb6 11. Rb1 Nc6 12. O-O h6 13. Bh4 Rfd8 14. Rfd1 Rac8 15. Qc2 a6 16. Bxf6 Bxf6 17. Ne4 Be7 18. Nd6 Rb8 19. b4 cxb4 20. c5 Qa5 21. axb4 Nxb4 22. Qd2 Bxd6 23. cxd6 Be4 24. Ra1 Qb6 25. Ne5 Qc5 26. Qd4 Qxd4 27. exd4 Rb6 28. Nc4 Rc6 29. f3 Bd5 30. Ne3 Rxd6 31. Rdb1 Rb8 32. Ra4 Rdb6 33. Nxd5 Nxd5 34. Rxb6 Rxb6 35. Rxa6 Rxa6 36. Bxa6 Nb4 37. Bb5 d5 38. Ba4 Kf8 39. Kf2 Ke7 40. Ke3 Kd6 41. f4 Nc6 42. Kd3 Ne7 43. Be8 f6 44. g3 g5 45. Bf7 gxf4 46. gxf4 Nf5 0-1


[Site "https://www.chess.com"]

[Event "Titled Tuesday Blitz August 08 Late 2023"]
[White "Holt, Conrad"]
[Black "Yanchenko, Roman"]
[WhiteFideId "2034387"]
[BlackFideId "4137329"]
[WhiteElo "2878"]
[BlackElo "2740"]
[Result "1-0"]
[Round "8"]
[TimeControl "180+1"]
[Date "2023.08.08"]
[WhiteClock "0:00:40"]
[BlackClock "0:00:00"]
[Board "18"]

1. d4 d5 2. c4 c6 3. Nc3 Nf6 4. e3 a6 5. Nf3 Bf5 6. Bd3 Bg6 7. Ne5 e6 8. Nxg6 hxg6 9. a4 Nbd7 10. a5 Bd6 11. h3 Qe7 12. Qb3 Rb8 13. Bd2 dxc4 14. Bxc4 Nd5 15. e4 Nxc3 16. bxc3 e5 17. O-O O-O 18. Rfe1 c5 19. Be3 cxd4 20. cxd4 exd4 21. Bxd4 Be5 22. Rad1 Bxd4 23. Rxd4 Ne5 24. Bd5 Qc5 25. Qb6 Qxb6 26. axb6 Rfd8 27. Rc1 Nd7 28. Rc7 Nxb6 29. Bxf7+ Kh7 30. Rxd8 Rxd8 31. Rxb7 Nd7 32. Rc7 Nf6 33. e5 Nh5 34. g3 a5 35. Rc6 Kh8 36. Bxg6 1-0


[Site "https://www.chess.com"]

[Event "Titled Tuesday Blitz August 08 Late 2023"]
[White "Do Valle Cardoso, Lucas"]
[Black "Khanin, Semen"]
[WhiteFideId "2163144"]
[BlackFideId "4111990"]
[WhiteElo "2734"]
[BlackElo "2877"]
[Result "0-1"]
[Round "8"]
[TimeControl "180+1"]
[Date "2023.08.08"]
[WhiteClock "0:00:00"]
[BlackClock "0:00:11"]
[Board "19"]

1. e4 e5 2. Nf3 Nc6 3. d4 exd4 4. Bc4 Nf6 5. e5 Ne4 6. Qe2 Nc5 7. O-O Ne6 8. Rd1 d5 9. Bb5 Bc5 10. c3 O-O 11. Bxc6 d3 12. Qxd3 bxc6 13. Be3 Bb6 14. Nbd2 f6 15. Nb3 fxe5 16. Nxe5 Qf6 17. Nxc6 Nf4 18. Bxf4 Qxf4 19. Qxd5+ Kh8 20. Ne5 Bxf2+ 21. Kh1 Ba6 22. Nd3 Bxd3 23. Qxd3 Rf6 24. Nd2 Rd6 25. Qe4 Rf8 26. Qxf4 Rxf4 27. Nf3 h6 28. Rxd6 cxd6 29. Rd1 g5 30. h3 Bg3 31. Rxd6 h5 32. Rd5 h4 33. Rxg5 Re4 34. Rd5 Kg7 35. Kg1 Kf6 36. Kf1 Re3 37. Rd2 Kf5 38. Re2 Rd3 39. Ne1 Rd1 40. b3 a5 41. c4 Rc1 42. Re8 Kf6 43. c5 Kf7 44. Re4 Rxc5 45. Ke2 Rc1 46. Kd2 Ra1 47. Nc2 Rxa2 48. Ra4 Rb2 49. Kc3 Rb1 50. Rxa5 Rg1 51. Ne3 Be1+ 0-1


[Site "https://www.chess.com"]

[Event "Titled Tuesday Blitz August 08 Late 2023"]
[White "Rakotomaharo, Fy Antenaina"]
[Black "Rasulov, Vugar"]
[WhiteFideId "13100050"]
[BlackFideId "13402390"]
[WhiteElo "2731"]
[BlackElo "2861"]
[Result "0-1"]
[Round "8"]
[TimeControl "180+1"]
[Date "2023.08.08"]
[WhiteClock "0:00:45"]
[BlackClock "0:02:06"]
[Board "20"]

1. Nf3 b6 2. c4 Bb7 3. Nc3 Nf6 4. g3 Bxf3 5. exf3 c5 6. Bg2 Nc6 7. O-O Rc8 8. f4 e6 9. b3 Be7 10. Bb2 O-O 11. Re1 Re8 12. Ne2 d5 13. d4 dxc4 14. bxc4 cxd4 15. Qa4 Na5 16. Nxd4 Rxc4 17. Qd1 Bb4 18. Re2 Bc3 19. Bxc3 Rxc3 20. Nb5 Rd3 21. Qc2 Qd7 22. Nxa7 Rd6 0-1


[Site "https://www.chess.com"]

[Event "Titled Tuesday Blitz August 08 Late 2023"]
[White "Ibarra Jerez, Jose Carlos"]
[Black "Korchmar, Vasiliy"]
[WhiteFideId "2226332"]
[BlackFideId "24131750"]
[WhiteElo "2854"]
[BlackElo "2727"]
[Result "1-0"]
[Round "8"]
[TimeControl "180+1"]
[Date "2023.08.08"]
[WhiteClock "0:01:20"]
[BlackClock "0:00:33"]
[Board "21"]

1. e4 c5 2. Nf3 d6 3. d4 cxd4 4. Nxd4 Nf6 5. Nc3 Nc6 6. Nd5 Nxd5 7. exd5 Qa5+ 8. Bd2 Qxd5 9. Nb5 Qe6+ 10. Be2 Qd7 11. c4 e6 12. Bf4 e5 13. Be3 Be7 14. Qd2 O-O 15. Rd1 Rd8 16. O-O b6 17. f4 Bb7 18. Bf3 f5 19. Qd5+ Kh8 20. fxe5 Na5 21. Qd3 Bxf3 22. Rxf3 Qe6 23. Nc7 Qxe5 24. Nxa8 Rxa8 25. Bd4 Qe6 26. Qxf5 Qxc4 27. Qe4 Nc6 28. Bxg7+ 1-0


[Site "https://www.chess.com"]

[Event "Titled Tuesday Blitz August 08 Late 2023"]
[White "Rustemov, Alexander"]
[Black "carokannlover213"]
[WhiteFideId "4119002"]
[WhiteElo "2850"]
[BlackElo "2727"]
[Result "0-1"]
[Round "8"]
[TimeControl "180+1"]
[Date "2023.08.08"]
[WhiteClock "0:00:04"]
[BlackClock "0:00:19"]
[Board "22"]

1. d4 Nf6 2. c4 e6 3. Nf3 b6 4. a3 Bb7 5. Nc3 d5 6. Bg5 Be7 7. Bxf6 Bxf6 8. cxd5 exd5 9. Qa4+ Nd7 10. g3 O-O 11. Bh3 Nb8 12. O-O c6 13. Rad1 Re8 14. Rfe1 Na6 15. b4 Nc7 16. Qb3 b5 17. e4 dxe4 18. Nxe4 Nd5 19. Ne5 Bxe5 20. dxe5 Rxe5 21. Nc5 Rxe1+ 22. Rxe1 Bc8 23. Bg2 Bf5 24. Rd1 Be6 25. h4 Qf6 26. Ne4 Qe7 27. Rc1 Nf4 28. Qc2 Nxg2 29. Kxg2 Bd5 30. f3 a5 31. Nc3 axb4 32. Nxd5 cxd5 33. axb4 Qxb4 34. Kh3 h6 35. Qd3 d4 36. Rb1 Qc4 37. Qe4 Rd8 38. Qe7 Qc8+ 39. g4 d3 40. Rc1 Qa8 41. Kg3 d2 42. Rc7 Qd5 43. Rc5 Qd6+ 44. Qxd6 Rxd6 45. Rc8+ Kh7 46. h5 d1=Q 47. Rc3 Qd4 48. Rc2 Qe5+ 49. Kg2 Rd3 50. Rf2 Qe3 51. Kg3 Rd2 52. Rxd2 Qxd2 53. Kh3 b4 54. f4 b3 55. g5 Qxf4 56. g6+ fxg6 57. hxg6+ Kxg6 58. Kg2 b2 59. Kh3 b1=Q 60. Kg2 Qc2+ 61. Kh3 Qch2# 0-1


[Site "https://www.chess.com"]